Map: Catalyst LE

Players

Neeb - Winner!

  • Race: Protoss Protoss
  • League: Master
  • Spawn Location: 11:00

Scarlett

  • Race: Zerg Zerg
  • League: Master
  • Spawn Location: 5:00

VOD

Have the link to the VOD?

Description

Time

  • Played on: Dec. 24, 2017, 8:31 p.m.
  • Length: 5:06
Show
View Real Time Build Order
Export as new Build Order

Neeb Protoss - Winner!

Build Orders: 1 Gate Expand, Oracle Opening, Phoenix Opening 

Get SALT Encoding   

  12  0:00  Probe  
  13  0:13  Probe  
  14  0:18  Pylon  
  14  0:25  Probe (Chrono Boost)  
  15  0:37  Probe (Chrono Boost)  
  16  0:44  Gateway  
  16  0:45  Probe (Chrono Boost)  
  16  0:48  Assimilator  
  17  0:51  Probe  
  18  0:59  Pylon  
  18  1:03  Probe  
  19  1:15  Probe  
  20  1:27  Nexus  
  20  1:37  Cybernetics Core  
  20  1:40  Probe  
  20  1:46  Assimilator  
  21  1:52  Probe  
  22  1:55  Pylon  
  22  2:05  Probe  
  23  2:11  Adept (Chrono Boost)  
  25  2:17  Probe  
  26  2:23  Stargate  
  26  2:29  Probe (Chrono Boost)  
  27  2:30  Adept (Chrono Boost)  
  29  2:37  Warp Gate  
  29  2:40  Probe (Chrono Boost)  
  29  2:42  Probe (Chrono Boost)  
  31  2:44  Probe (Chrono Boost)  
  32  2:51  Adept (Chrono Boost), Probe  
  32  2:55  Probe  
  36  3:03  Probe  
  36  3:07  Oracle (Chrono Boost), Probe  
  40  3:15  Probe  
  40  3:18  Gateway  
  40  3:19  Probe  
  42  3:22  Pylon  
  42  3:27  Probe  
  42  3:31  Pylon  
  43  3:36  Phoenix (Chrono Boost)  
  43  3:37  Probe  
  43  3:40  Probe  
  47  3:47  Pylon  
  47  3:49  Shield Battery  
  47  3:53  Shield Battery  
  47  3:57  Oracle (Chrono Boost)  
  47  4:02  Probe x2  
  47  4:14  Probe  
  47  4:17  Probe  
  47  4:21  Gateway  
  48  4:26  Probe  
  48  4:29  Probe  
  50  4:33  Assimilator  
  50  4:37  Twilight Council  
  50  4:38  Probe  
  51  4:41  Probe  
  52  4:47  Adept x2  
  52  4:50  Probe  
  57  4:54  Probe  
  57  4:55  Pylon  
Show
View Real Time Build Order
Export as new Build Order

Scarlett Zerg 

Build Orders: Pool First 

Get SALT Encoding   

  12  0:01  Drone  
  13  0:13  Overlord  
  13  0:17  Drone  
  14  0:31  Drone x2  
  16  0:49  Drone  
  18  0:50  Drone  
  18  0:52  Spawning Pool, Extractor  
  16  1:13  Hatchery  
  16  1:16  Drone  
  16  1:21  Drone  
  16  1:24  Drone  
  18  1:32  Drone  
  19  1:40  Zergling x2  
  19  1:43  Queen  
  22  1:53  Metabolic Boost  
  22  1:57  Overlord  
  22  2:16  Drone  
  22  2:17  Drone  
  22  2:19  Queen  
  26  2:28  Queen  
  28  2:39  Zergling x2  
  28  2:40  Zergling x6  
  28  2:42  Evolution Chamber  
  31  2:51  Overlord  
  31  3:03  Zergling x10  
  36  3:11  Overlord  
  36  3:20  Zergling x4  
  36  3:25  Zergling x2  
  39  3:35  Zergling x10  
  44  3:51  Zergling x2  
  44  3:52  Zergling x6  
  44  4:07  Zergling x6  
  45  4:11  Drone x2  
  45  4:14  Drone  
  45  4:15  Drone  
  43  4:18  Drone  
  44  4:24  Drone  
  44  4:32  Overlord  
  44  4:36  Overlord  
  44  4:41  Spore Crawler  
  44  4:43  Spore Crawler  
Tags
 
Add a new tag
Caveats
  • Supply blocks, unpowered buildings, or Contaminate may cause inaccurate times.
  • Supply counts are checked every 10 seconds.